 Dungeon Crawl Stone Soup version 0.18-a0-1273-g8ec5f8e (webtiles) character file.

513 namelastname112 the Shooter (level 7, 60/60 HPs)
             Began as a Yellow Draconian Hunter on Feb 7, 2016.
             Quit the game on level 4 of the Dungeon.
             The game lasted 00:04:50 (3962 turns).

namelastname112 the Shooter (DrHu)                  Turns: 3962, Time: 00:04:50

Health: 60/60      AC:  6    Str: 14    XL:     7   Next: 0%
Magic:  7/7        EV: 13    Int: 11    God:
Gold:   190        SH:  0    Dex: 14    Spells: 0 memorised, 6 levels left

rFire  . . .     SeeInvis .     a - +1 shortbow
rCold  . . .     Gourm    .     (armour unavailable)
rNeg   . . .     Faith    .     (shield currently unavailable)
rPois  .         Spirit   .     (helmet restricted)
rElec  .         Dismiss  .     (no cloak)
rCorr  +         Reflect  .     (no gloves)
SustAt .         Harm     .     (no boots)
MR     .....                    (no amulet)
Stlth  ++........               (no ring)
                                (no ring)

@: not resistant to hostile enchantments, unstealthy
A: spit acid, acid resistance, unfitting armour, cold-blooded, AC +6
a: Spit Acid


You were on level 4 of the Dungeon.
You were very hungry.

You visited 1 branch of the dungeon, and saw 4 of its levels.

You collected 190 gold pieces.

Inventory:

Hand Weapons
 a - a +1 shortbow (weapon)
 b - a +0 short sword
 k - a +1 dagger of freezing
Missiles
 c - 51 arrows (quivered)
Jewellery
 o - an uncursed ring of fire {unknown}
Wands
 u - a wand of digging (11/24)
 y - a wand of lightning (2/15)
Scrolls
 e - 3 scrolls of teleportation {unknown}
 f - 2 scrolls of immolation {unknown}
 g - a scroll of blinking {unknown}
 j - 6 scrolls of remove curse {unknown}
 m - a scroll of enchant armour {unknown}
 p - 6 scrolls of identify {unknown}
 r - 2 scrolls of magic mapping {unknown}
 s - a scroll of recharging {unknown}
Potions
 h - 3 potions of agility {unknown}
 l - a potion of brilliance {unknown}
 n - 2 potions of might {unknown}
 q - a potion of haste {unknown}
 t - a potion of heal wounds {unknown}
 v - a potion of degeneration {unknown}
 w - a potion of cure mutation {unknown}
 x - a potion of ambrosia {unknown}
Comestibles
 d - 2 bread rations
 i - 2 meat rations


   Skills:
 + Level 4.5 Fighting
 * Level 6.0 Bows
 + Level 3.6 Dodging
 - Level 0.8 Stealth


You had 6 spell levels left.
You didn't know any spells.

Dungeon Overview and Level Annotations

Branches:
Dungeon (4/15)
 Temple: D:4-7

Altars:
Xom
Zin


Innate Abilities, Weirdness & Mutations

You can spit globs of acid.
You are resistant to acid.
Your golden yellow scales are hard (AC +6).
Your body does not fit into most forms of armour.
You are cold-blooded and may be slowed by cold attacks.


Message History

c - 53 arrows (gained 2) Key pressed, stopping explore.
Key pressed, stopping explore.
Found a stone staircase leading down.
There is a stone staircase leading down here.
Key pressed, stopping explore.
An adder comes into view.
Firing (i - inventory):
c - 53 arrows (quivered)
Press: ? - help, Shift-Dir - straight line, f - adder
Aim: an adder (resting)
You shoot an arrow. The arrow hits the adder.
The adder is moderately wounded.
Firing (i - inventory):
c - 52 arrows (quivered)
Press: ? - help, Shift-Dir - straight line, f/p - adder
Aim: an adder (moderately wounded)
You shoot an arrow. The arrow hits the adder!
You kill the adder!
You have reached level 7!
Your scales start taking on a golden yellow colour.
Are you sure you want to abandon this character and quit the game? (Confirm with "yes".)

# ..# # ..#
### .. #..
.( #.# .#
#+# #.# (#
#.#
#.###.##.#
#.#
#......@.#
##.#####
#####.####
##.....>.
#.#######
#.....###
#.......#
##...##
#######.#
##..#
#.#######.#
#.........#
###########


There were no monsters in sight!

Vanquished Creatures
  A centaur (D:3)
  An ogre (D:4)
  An orc priest (D:3)
  A giant frog skeleton (D:4)
  An iguana (D:3)
  2 orc wizards (D:4)
  A worker ant (D:4)
  Robin (D:3)
  7 adders
  2 oozes
  An adder skeleton (D:4)
  2 worms
  3 giant geckos
  9 orcs
  3 bats
  3 giant cockroaches
  10 goblins
  10 hobgoblins
  15 jackals
  9 kobolds
  A quokka (D:3)
  2 ball pythons
  3 giant newts
  6 rats
95 creatures vanquished.

Notes
Turn   | Place    | Note
--------------------------------------------------------------
     0 | D:1      | namelastname112 the Draconian Hunter began the quest for the Orb.
     0 | D:1      | Reached XP level 1. HP: 17/17 MP: 1/1
   335 | D:1      | Reached XP level 2. HP: 11/25 MP: 2/2
   425 | D:1      | Reached skill level 4 in Bows
   906 | D:2      | Reached XP level 3. HP: 26/30 MP: 3/3
  1061 | D:2      | Found a shimmering altar of Xom.
  1096 | D:2      | Found a shimmering altar of Xom.
  1096 | D:2      | Found a shimmering altar of Xom.
  1098 | D:2      | Found a shimmering altar of Xom.
  1098 | D:2      | Found a shimmering altar of Xom.
  1748 | D:4      | Reached XP level 4. HP: 18/37 MP: 4/4
  2075 | D:4      | Noticed an ogre
  2496 | D:3      | Reached XP level 5. HP: 21/45 MP: 5/5
  2561 | D:3      | Reached skill level 5 in Bows
  2782 | D:3      | Found a glowing silver altar of Zin.
  2899 | D:3      | Noticed a centaur
  2927 | D:3      | Killed a centaur
  3342 | D:3      | Noticed Robin
  3344 | D:3      | Reached XP level 6. HP: 52/52 MP: 6/6
  3360 | D:3      | Killed Robin
  3785 | D:4      | Reached skill level 6 in Bows
  3961 | D:4      | Reached XP level 7. HP: 60/60 MP: 7/7
  3961 | D:4      | Your scales start taking on a golden yellow colour.
  3962 | D:4      | Quit the game

Vault maps used:
D:1:      dpeg_arrival_shrine
D:2:      xom_redecorated
D:3:      zin_academy, grunt_ministairs_6, uniq_robin
D:4:      temple_doors_b, kennysheep_generic_room_13

Action                   |  1- 3 |  4- 6 |  7- 9 || total
-------------------------+-------+-------+-------++-------
Melee: Short sword       |    50 |    41 |       ||    91
       Dagger            |   127 |    44 |       ||   171
 Fire: Shortbow          |       |   170 |       ||   170
  Use: Potion            |       |     1 |       ||     1
 Stab: Sleeping          |     2 |     1 |       ||     3
  Eat: Chunk             |     1 |     1 |       ||     2
       Meat ration       |       |     1 |       ||     1
       Beef jerky        |       |     1 |       ||     1
